 Dungeon Crawl Stone Soup version 0.27-a0-385-g3208abaabc (webtiles) character file.

Game seed: 12253207520103354025

10351 windgrace the Changer (level 11, -8/89 HPs)
             Began as a Demigod Transmuter on Feb 16, 2021.
             Mangled by a nine-headed hydra (9 damage)
             ... on level 1 of the Lair of Beasts on Feb 18, 2021.
             The game lasted 00:46:19 (13920 turns).

windgrace the Changer (Demigod Transmuter)         Turns: 13920, Time: 00:46:19

Health: -8/89      AC: 15    Str: 15    XL:     11   Next: 13%
Magic:  0/24       EV: 15    Int: 19    God:
Gold:   756        SH:  0    Dex: 24    Spells: 2/22 levels left

rFire    . . .     SeeInvis .   K - +11 plutonium sword {*Contam Stlth-}
rCold    . . .     Faith    .   (shield currently unavailable)
rNeg     . . .     Spirit   +   E - +3 ring mail
rPois    .         Reflect  .   f - +0 helmet
rElec    .         Harm     .   (no cloak)
rCorr    .         Rampage  .   (no gloves)
Will     +....                  l - +0 pair of boots
Stlth    ..........             x - amulet of guardian spirit
HPRegen  0.24/turn              D - +6 ring of dexterity
MPRegen  0.19/turn              Q - +4 ring of protection

@: wereblooded, frozen, very slow
A: high mp 1
a: no special abilities


You were on level 1 of the Lair of Beasts.
You visited 2 branches of the dungeon, and saw 11 of its levels.

You collected 756 gold pieces.

Inventory:

Hand Weapons
 z - a +0 hand crossbow
 G - a +1 rapier of draining
 K - the +11 plutonium sword (weapon) {*Contam Stlth-}
   (You found it on level 8 of the Dungeon)

   It causes magical contamination when unequipped.
   It makes you less stealthy.
Missiles
 v - 10 atropa-tipped darts
 w - 6 throwing nets
 N - 14 poisoned darts
Armour
 a - a +0 robe
 f - a +0 helmet (worn)
 l - a +0 pair of boots (worn)
 E - a +3 ring mail (worn)
 H - +0 acid dragon scales
 I - the +1 leather armour of Pride {+Fly rElec Str-2 Int-5}
   (You found it on level 8 of the Dungeon)

   It affects your strength (-2).
   It affects your intelligence (-5).
   It insulates you from electricity.
   It lets you fly.
Jewellery
 p - a ring of ice
 s - a +6 ring of dexterity
 x - an amulet of guardian spirit (around neck)
 y - a ring of protection from cold
 D - a +6 ring of dexterity (left hand)
 Q - a +4 ring of protection (right hand)
Wands
 t - a wand of polymorph (12)
 B - a wand of iceblast (18)
 J - a wand of acid (22)
Scrolls
 b - 4 scrolls of teleportation
 c - 2 scrolls of enchant weapon
 g - a scroll of random uselessness
 j - a scroll of fog
 k - a scroll of immolation {unknown}
 n - 2 scrolls of amnesia {unknown}
 o - 2 scrolls of enchant armour {unknown}
 u - 5 scrolls of identify
 A - 2 scrolls of blinking {unknown}
 C - 2 scrolls of magic mapping {unknown}
 P - a scroll of noise {unknown}
Potions
 d - 2 potions of berserk rage
 e - a potion of haste {unknown}
 h - 3 potions of curing
 i - 3 potions of heal wounds
 m - 2 potions of resistance {unknown}
 q - 3 potions of flight {unknown}
 r - a potion of brilliance
 F - a potion of invisibility
 L - a potion of might {unknown}
 M - a potion of ambrosia {unknown}
 O - a potion of mutation {unknown}


   Skills:
 - Level 6.0 Fighting
 - Level 6.0 Long Blades
 - Level 5.0 Armour
 - Level 5.0 Dodging
 - Level 6.0 Unarmed Combat
 - Level 6.0 Spellcasting
 + Level 3.6 Hexes
 - Level 7.0 Transmutations
 - Level 4.0 Ice Magic
 - Level 2.0 Poison Magic


You had 2 spell levels left.
You knew the following spells:

 Your Spells              Type           Power        Failure   Level
a - Beastly Appendage     Tmut           64%          1%          1
b - Wereblood             Tmut           32%          1%          2
c - Spider Form           Tmut/Pois      11%          10%         3
d - Ice Form              Ice/Tmut       26%          22%         4
e - Blade Hands           Tmut           16%          32%         5
f - Metabolic Englaciati  Hex/Ice        10%          77%         5

Your spell library contained the following spells:

 Spells                   Type           Power        Failure   Level
 Passwall                 Tmut/Erth      15%          8%          2
 Sandblast                Erth           10%          21%         1
 Confusing Touch          Hex            19%          14%         3
 Petrify                  Tmut/Erth      19%          43%         4
 Gell's Gravitas          Tloc           2%           52%         3
 Stone Arrow              Conj/Erth      10%          52%         3
 Yara's Violent Unravell  Hex/Tmut       12%          54%         5
 Lee's Rapid Deconstruct  Erth           2%           99%         5


Dungeon Overview and Level Annotations

Branches:
Dungeon (10/15)            Temple (0/1) D:7            Lair (1/6) D:10
    Orc: D:9-12

Annotations:
D:4 2 transporters
Lair:1 1 runed translucent door, Zenuil's ghost, journeyman TrHu


Innate Abilities, Weirdness & Mutations

You have an increased reservoir of magic. (+10% MP)


Message History

The bullfrog is almost dead.
The nine-headed hydra bites you but does no damage. x2
The nine-headed hydra bites you!
The nine-headed hydra completely misses you.
The nine-headed hydra bites you.
The nine-headed hydra barely misses you.
The nine-headed hydra completely misses you.
The nine-headed hydra bites you. x2; The bullfrog closely misses you.
You riposte.
You hit the bullfrog.
You kill the bullfrog!
The nine-headed hydra bites you!
The nine-headed hydra barely misses you.
The nine-headed hydra bites you! The nine-headed hydra bites you.
* * * LOW HITPOINT WARNING * * *
The nine-headed hydra bites you but does no damage.
The nine-headed hydra bites you!
* * * LOW HITPOINT WARNING * * *
The nine-headed hydra misses you.
The nine-headed hydra barely misses you. x2
You howl as the wereblood boils in your veins!
The rime drake misses you. The rime drake breathes ice at you.
The flash freeze hits you.
* * * LOW HITPOINT WARNING * * *
You are encased in ice.
The ice encasing you melts away. The rime drake breathes ice at you.
The flash freeze hits you!!
* * * LOW HITPOINT WARNING * * *
You are encased in ice.
You feel better.
The rime drake bites you but does no damage.
The nine-headed hydra bites you.
* * * LOW HITPOINT WARNING * * *
The nine-headed hydra bites you but does no damage.
The nine-headed hydra bites you!
* * * LOW HITPOINT WARNING * * *
The nine-headed hydra barely misses you. x2
The nine-headed hydra bites you!
You die...

##........#♣.P♣
♣..>
#.........⌠#..♣♣
...
#..........#...♣
..
#..........+.♣!P
#...#......#h♣♣..
....##.#...⌠#i....
..###..##..#♣♣..P♣
.. ##
#P.....♣ii♣♣♣♣...
##..@D.♣♣♣♣ ..).
#....k..### #P...
#.........##.....
#.........#....#
##..........#
#....###...#
#.....# #...#
..........†.P#
................


You could see a nine-headed hydra, a spriggan rider, a rime drake and a black
bear.

Vanquished Creatures
  Harold (D:8)
  A two-headed ogre (D:10)
  A wizard (D:9)
  Pikel (D:8)
  A moth of wrath (D:10)
  A cane toad (Lair:1)
  Maggie (D:8)
  A troll (D:10)
  Prince Ribbit (D:5)
  A wraith (D:10)
  11 yaks (D:9)
  A naga (D:9)
  A water moccasin (D:7)
  4 orc warriors
  2 sky beasts (D:7)
  A hornet zombie (D:8)
  7 ice beasts
  4 ogres
  6 centaurs
  4 phantoms
  A lemure (D:8)
  5 bullfrogs
  2 kobold brigands (D:9)
  A water moccasin zombie (D:5)
  3 scorpions
  5 wights (D:8)
  4 howler monkeys
  A centaur zombie (D:9)
  A crimson imp (D:9)
  A quasit (D:10)
  4 hounds
  5 jellies
  10 orc priests
  2 bullfrog skeletons
  10 orc wizards
  6 worker ants
  A hound zombie (D:5)
  A hound skeleton (D:8)
  2 worker ant zombies
  4 gnolls (D:6)
  9 adders
  A shadow imp (D:6)
  5 ufetubi
  2 oozes
  An adder skeleton (D:7)
  2 adder zombies
  4 worms
  2 dart slugs
  6 leopard geckos
  33 orcs
  A ball python (D:2)
  5 giant cockroaches
  8 goblins
  12 hobgoblins
  14 jackals
  21 kobolds
  4 quokkas
  11 bats
  8 frilled lizards
  A leopard gecko zombie (D:7)
  A quokka skeleton (D:5)
  12 rats
283 creatures vanquished.

Vanquished Creatures (others)
  5 plants
5 creatures vanquished.

Grand Total: 288 creatures vanquished

Notes
Turn   | Place    | Note
-------+----------+-------------------------------------------
     0 | D:1      | windgrace the Demigod Transmuter began the quest for the
                  | Orb.
     0 | D:1      | Reached XP level 1. HP: 15/15 MP: 5/5
   172 | D:1      | Reached skill level 2 in Transmutations
   172 | D:1      | Reached skill level 1 in Fighting
   328 | D:1      | Reached XP level 2. HP: 23/23 MP: 4/7
   331 | D:1      | Learned a level 2 spell: Wereblood
   765 | D:1      | Found a broken altar of Ashenzari.
  1270 | D:1      | Reached XP level 3. HP: 29/29 MP: 6/8
  1311 | D:1      | Learned a level 3 spell: Spider Form
  1312 | D:2      | Found a sparkling altar of Nemelex Xobeh.
  2419 | D:2      | Found a shadowy altar of Dithmenos.
  2419 | D:2      | Found a shimmering altar of Xom.
  2471 | D:2      | Found an iron altar of Okawaru.
  2533 | D:2      | Found a stormy altar of Qazlal.
  2548 | D:2      | Reached XP level 4. HP: 32/36 MP: 7/9
  2916 | D:3      | Found a burning altar of Makhleb.
  2961 | D:3      | You fall into a shaft and drop 1 floor!
  3211 | D:3      | Reached skill level 1 in Poison Magic
  3934 | D:3      | You fall into a shaft and drop 3 floors!
  3943 | D:6      | Reached XP level 5. HP: 33/41 MP: 10/12
  4014 | D:6      | Noticed an ogre
  4023 | D:6      | Killed an ogre
  4138 | D:6      | Found a blossoming altar of Fedhas.
  4143 | D:6      | Noticed an orc warrior
  4160 | D:5      | Entered Level 5 of the Dungeon
  4162 | D:5      | Noticed Prince Ribbit
  4190 | D:5      | Reached XP level 6. HP: 5/48 MP: 6/15
  4722 | D:4      | Found a transporter.
  5233 | D:4      | Found a transporter.
  5532 | D:5      | Killed Prince Ribbit
  5595 | D:5      | Reached skill level 5 in Dodging
  5664 | D:5      | Reached XP level 7. HP: 47/55 MP: 11/16
  5787 | D:5      | Reached skill level 3 in Transmutations
  6115 | D:5      | Reached skill level 4 in Transmutations
  6437 | D:5      | Learned a level 4 spell: Ice Form
  6544 | D:5      | Found a shimmering altar of Xom.
  6929 | D:6      | Reached XP level 8. HP: 25/66 MP: 7/17
  7015 | D:6      | Reached skill level 5 in Transmutations
  7359 | D:6      | Found a shimmering altar of Xom.
  7760 | D:6      | Reached skill level 6 in Transmutations
  8468 | D:6      | Reached skill level 7 in Transmutations
  8531 | D:6      | Reached skill level 1 in Ice Magic
  8667 | D:6      | Found a glowing silver altar of Zin.
  9052 | D:7      | Found a staircase to the Ecumenical Temple.
  9242 | D:7      | Reached XP level 9. HP: 56/71 MP: 16/19
  9470 | D:7      | Noticed a moth of wrath
  9473 | D:7      | Found a bloodstained altar of Trog.
  9630 | D:8      | Reached skill level 5 in Spellcasting
  9927 | D:8      | Learned a level 5 spell: Blade Hands
 10078 | D:8      | Noticed Maggie
 10109 | D:8      | Killed Maggie
 10428 | D:8      | Noticed Pikel
 10438 | D:8      | Killed Pikel
 10439 | D:8      | Reached skill level 5 in Unarmed Combat
 10542 | D:8      | Got a brightly glowing leather armour
 10553 | D:8      | Identified the +1 leather armour of Pride {+Fly rElec Str-2
                  | Int-5} (You found it on level 8 of the Dungeon)
 10971 | D:8      | Found a white marble altar of Elyvilon.
 11040 | D:8      | Noticed Harold
 11050 | D:8      | Killed Harold
 11051 | D:8      | Reached skill level 5 in Fighting
 11051 | D:8      | Upgraded the game from 0.27-a0-366-g8badd94918 to
                  | 0.27-a0-385-g3208abaabc
 11252 | D:8      | Found the +11 plutonium sword {*Contam Stlth-}
 11294 | D:8      | Reached XP level 10. HP: 69/81 MP: 19/22
 11535 | D:8      | Reached skill level 1 in Long Blades
 12067 | D:9      | Reached skill level 5 in Long Blades
 12548 | D:9      | Reached skill level 1 in Armour
 12952 | D:9      | Noticed a wizard
 12964 | D:9      | Killed a wizard
 12983 | D:9      | Learned a level 5 spell: Metabolic Englaciation
 13104 | D:10     | Entered Level 10 of the Dungeon
 13248 | D:10     | Noticed a tengu warrior
 13258 | D:10     | Noticed a moth of wrath
 13258 | D:10     | a tengu warrior changed into a moth of wrath
 13259 | D:10     | Killed a moth of wrath
 13260 | D:10     | Reached skill level 5 in Armour
 13260 | D:10     | Reached XP level 11. HP: 33/89 MP: 10/24
 13262 | D:10     | Reached skill level 1 in Hexes
 13565 | D:10     | Noticed a two-headed ogre
 13572 | D:10     | Killed a two-headed ogre
 13792 | D:10     | Found a staircase to the Lair.
 13803 | Lair:1   | Entered Level 1 of the Lair of Beasts
 13815 | Lair:1   | Found a runed translucent door.
 13890 | Lair:1   | Identified the +6 spear "Monte" {freeze, rPois rF++ Will+
                  | Str-5}
 13891 | Lair:1   | Noticed Zenuil's ghost (journeyman TrHu)
 13893 | Lair:1   | Noticed a spriggan rider
 13907 | Lair:1   | Noticed a seven-headed hydra
 13920 | Lair:1   | HP: 1/89 [nine-headed hydra (6)]
 13920 | Lair:1   | Mangled by a nine-headed hydra

Illustrated notes

Levels and vault maps discovered:
D:1:      nzn_arrival_depleted_hourglass, layout_basic,
          nicolae_ashenzari_panopticon
D:2:      layout_basic, nicolae_overflow_crystal_walls, general_overflow_altar,
          gammafunk_temple_overflow_claw
D:3:      layout_loops_ring, bloody_makhleb
D:4:      gammafunk_steamed_eel, layout_loops_cross
D:5:      layout_loops_corners, basic_altar, uniq_prince_ribbit1
D:6:      layout_loops_corners, zin_scriptorium, basic_altar, glass_columns_c,
          fedhas_ov_isle_minmay
D:7:      layout_rooms, tgw_trog, minmay_temple_entry_wispy
D:8:      minmay_spotlight, layout_loops_ring, elyvilon_altar_1,
          grunt_ogre_cave, uniq_maggie, uniq_harold, uniq_pikel
D:9:      layout_rooms, lightli_wizard_tower
D:10:     layout_small_grid, lair_entry_dummy, minivault_20
Lair:1:   layout_misc_corridors, ebering_ghost_funeral_grove, lemuel_fruit_tree

Skill      XL: |  1  2  3  4  5  6  7  8  9 10 11 |
---------------+----------------------------------+-----
Spellcasting   | 2 4 6 |  6.0
Transmutations | 2 4 7 |  7.0
Fighting       | 1 2 4 5 6 |  6.0
Unarmed Combat | 3 6 |  6.0
Dodging        | 3 5 |  5.0
Poison Magic   | 2 |  2.0
Ice Magic      | 4 |  4.0
Long Blades    | 6 |  6.0
Armour         | 5 |  5.0
Hexes          | 3 |  3.6

Action                   |  1- 3 |  4- 6 |  7- 9 | 10-12 || total
-------------------------+-------+-------+-------+-------++-------
Melee: Unarmed           |   119 |   129 |   422 |       ||   670
       Kick              |    18 |    40 |    99 |       ||   157
       Headbutt          |    10 |    26 |    60 |       ||    96
       Punch             |       |     3 |     7 |       ||    10
       Triple sword      |       |       |     1 |   156 ||   157
 Cast: Beastly Appendage |    30 |    35 |    28 |       ||    93
       Wereblood         |     7 |     5 |    18 |     7 ||    37
       Spider Form       |     3 |     4 |     9 |       ||    16
       Ice Form          |       |       |     4 |       ||     4
       Blade Hands       |       |       |    12 |       ||    12
  Use: Potion            |       |     1 |     1 |     3 ||     5
       Scroll            |       |       |     6 |     1 ||     7
 Stab: Sleeping          |     7 |     3 |     1 |       ||    11
       Distracted        |       |       |     1 |       ||     1
Armor: Robe              |    15 |     8 |     7 |       ||    30
       Skin              |       |       |    13 |       ||    13
       Ring mail         |       |       |    20 |    69 ||    89
Dodge: Dodged            |    74 |    79 |   363 |   193 ||   709
       Rpst.: Triple sword |       |       |     2 |    51 ||    53

Table legend: (Time is in decaauts)
 A = Elapsed time spent in this place.
 B = Non-inter-level travel time spent in this place.
 C = Inter-level travel time spent in this place.
 D = Time resting spent in this place.
 E = Time spent auto-exploring this place.
 F = Levels seen in this place.
 G = Mean time per level.
                   A        B        C        D        E       F      G
               +--------+--------+--------+--------+--------+-----+--------+
         Total |  14009 |  13781 |    228 |    267 |  11271 |  11 | 1273.5 |
       Dungeon |  13887 |  13659 |    228 |    267 |  11198 |  10 | 1388.7 |
          Lair |    122 |    122 |      0 |      0 |     73 |   1 |  122.0 |
               +--------+--------+--------+--------+--------+-----+--------+

Top non-repeatable levels by time:
     D:8: 2238 daAuts
     D:6: 2147 daAuts
     D:5: 1921 daAuts
     D:2: 1564 daAuts
     D:9: 1341 daAuts
     D:1: 1309 daAuts
     D:3: 1138 daAuts
     D:7: 768 daAuts
    D:10: 731 daAuts
     D:4: 725 daAuts
  Lair:1: 122 daAuts
